 Dungeon Crawl Stone Soup version 0.28.0-53-g5a82cb258f (webtiles) character file.

Game seed: 13806030791492375024

5 JOEMAMA2 the Caller (level 1, -3/10 HPs)
             Began as a Deep Elf Summoner on July 30, 2022.
             Slain by a quokka (4 damage)
             ... on level 1 of the Dungeon.
             The game lasted 00:01:34 (81 turns).

JOEMAMA2 the Caller (Deep Elf Summoner)               Turns: 81, Time: 00:01:35

Health: -3/10      AC:  2    Str:  5    XL:     1   Next: 66%
Magic:  5/6        EV: 12    Int: 19    God:
Gold:   20         SH:  0    Dex: 15    Spells: 5/6 levels left

rFire   . . .      SeeInvis .   (no weapon)
rCold   . . .      Faith    .   (no shield)
rNeg    . . .      Spirit   .   a - +0 robe
rPois   .          Reflect  .   (no helmet)
rElec   .          Harm     .   (no cloak)
rCorr   .          Rampage  .   (no gloves)
Will    .....                   (no boots)
Stlth   ++........              (no amulet)
HPRegen 0.03/turn               (no ring)
MPRegen 0.10/turn               (no ring)

@: no status effects
A: no striking features
a: no special abilities


You were on level 1 of the Dungeon.
You visited 1 branch of the dungeon, and saw 1 of its levels.

You collected 20 gold pieces.

Inventory:

Armour
 a - a +0 robe (worn)


   Skills:
 + Level 2.4 Dodging
 + Level 2.4 Stealth
 + Level 3.0 Spellcasting
 + Level 4.6 Summonings


You had 5 spell levels left.
You knew the following spells:

 Your Spells              Type           Power      Damage    Failure   Level
a - Summon Small Mammal   Summ           80%        N/A       2%          1

Your spell library contained the following spells:

 Spells                   Type           Power      Damage    Failure   Level
 Call Imp                 Summ           20%        N/A       3%          2
 Call Canine Familiar     Summ           20%        N/A       7%          3
 Summon Guardian Golem    Hex/Summ       11%        N/A       17%         3
 Summon Lightning Spire   Summ/Air       11%        N/A       50%         4


Dungeon Overview and Level Annotations

Branches:
Dungeon (1/15)

Altars:


Message History

Your quokka's corpse disappears in a puff of smoke!
The hobgoblin barely misses you.
You barely miss the hobgoblin. The hobgoblin hits you.
Your quokka closely misses the jackal.
Casting: Summon Small Mammal (safe; 2% risk of failure)
Press: ? - help, Q - select action Dir - look around, f - activate Your quokka misses the jackal.
The hobgoblin closely misses you. The quokka misses your quokka.
Your quokka closely misses the jackal.
You swap places.
The jackal bites your quokka. The quokka barely misses your quokka.
Your quokka closely misses the jackal.
Your quokka bites the hobgoblin.
The hobgoblin misses your quokka. The jackal closely misses your quokka.
The quokka bites your quokka but does no damage.
Your quokka bites the jackal.
The jackal dies!
Your quokka barely misses the hobgoblin.
The hobgoblin hits your quokka. The quokka barely misses your quokka.
Casting: Summon Small Mammal (safe; 2% risk of failure)
Press: ? - help, Q - select action Dir - look around, f - activate Your quokka barely misses the hobgoblin.
The hobgoblin barely misses your quokka.
Your quokka closely misses the hobgoblin.
You swap places.
You enter the shallow water.
Moving in this stuff is going to be slow.
Your rat closely misses the hobgoblin.
Your quokka closely misses the hobgoblin.
Why would you want to do that?
You swap places.
The hobgoblin hits you. The jackal barely misses your quokka.
Your quokka bites the hobgoblin.
The hobgoblin dies!
The jackal bites you but does no damage.
Your quokka bites the jackal.
The jackal dies!
You swap places.
The quokka barely misses your quokka. The quokka bites you.
* * * LOW HITPOINT WARNING * * *
Your quokka bites the quokka but does no damage.
Your rat barely misses the quokka.
Your quokka barely misses the quokka.
You swap places.
The quokka bites you.
You die...

##.## #†.#
##.#
#.########
#.##.....##
#.#.#####.##
#.#.8≈8≈8..#
#rrr≈≈≈≈≈.<#
###@8≈8≈8..#
#.#####.##
##.....##
#######


You could see a quokka (ally target), a friendly quokka (summoned) and a
friendly rat (summoned).

Vanquished Creatures (collateral kills)
  A hobgoblin (D:1)
  2 jackals (D:1)
  A quokka (D:1)
4 creatures vanquished.

Notes
Turn   | Place    | Note
-------+----------+-------------------------------------------
     0 | D:1      | JOEMAMA2 the Deep Elf Summoner began the quest for the Orb.
     0 | D:1      | Reached XP level 1. HP: 10/10 MP: 6/6
    81 | D:1      | Slain by a quokka

Illustrated notes

Levels and vault maps discovered:
D:1:      lightli_arrival_statue_moat, layout_basic, minmay_three_crescents

Action                   || total
-------------------------++-------
Melee: Unarmed           ||     2
 Cast: Summon Small Mamm ||     4
Armor: Robe              ||     2
Dodge: Dodged            ||     3
